Flames vs Kings
Created - 16 mars 2015 at 19:23
Goals
|
| Flames |
4 |
3 |
2 |
9 |
| Kings |
0 |
1 |
1 |
2 |
|
Shots
|
| Flames |
13 |
16 |
9 |
38 |
| Kings |
6 |
10 |
11 |
27 |
|
1st period
1. Flames , Eric Staal 36 (Alexander Semin, David Backes) at 9:50
2. Flames , Milan Hejduk 20 (Steve Regier) at 14:53
3. Flames , Mark Bell 18 (Erik Johnson, Jordin Tootoo) at 18:04
4. Flames , Mark Bell 19 (Jordin Tootoo) at 18:38
Penalties :
Mike Green (LAK) for Fighting (Major) at 18:50, Steve Eminger (Cal) for Fighting (Major) at 18:50
2nd period
5. Flames , David Backes 36 (Erik Johnson, Alexander Semin) at 2:43
6. Flames , Patrik Berglund 12 (Erik Johnson, Filip Kuba) at 3:40
7. Flames , David Backes 37 (Eric Staal, Filip Kuba) at 12:59
8. Kings , James Neal 26 (Jonas Hoglund, Maxim Talbot) at 19:46 (PP)
Penalties :
Nathan Dempsey (LAK) for Fighting (Major) at 1:15, Jordin Tootoo (Cal) for Fighting (Major) at 1:15, Maxim Talbot (LAK) for Fighting (Major) at 4:08, Eric Staal (Cal) for Fighting (Major) at 4:08, Chris Pronger (LAK) for Holding (Minor) at 9:11, Marcel Goc (Cal) for Holding (Minor) at 19:09
3rd period
9. Flames , David Backes 38 (Eric Staal, Alexander Semin) at 11:50
10. Kings , Randy Robitaille 6 (Branko Radivojevic, Steve Ott) at 18:30
11. Flames , Milan Hejduk 21 (Steve Eminger, Mikhail Grabovski) at 19:23
Penalties :
Nathan Dempsey (LAK) for Holding (Minor) at 1:46
Goalie Stats
Pekka Rinne (Cal), 25 saves from 27 shots - (0,926), W, 33-14-8, 60:00 minutes
Antti Niemi (LAK), 21 saves from 26 shots - (0,808), 41:22 minutes
Richard Bachman (LAK), 8 saves from 12 shots - (0,667), L, 0-1-0, 18:38 minutes
Players Stats for Flames
Player Name G A P +/- PIM S H SB GA TA FO MP PP MP PK MP
------------------------------------------------------------------------------------
Alexander Semin 0 3 3 3 0 6 2 0 2 1 0/1 21:49 2:22 0:00
Craig Adams 0 0 0 1 0 0 0 0 0 0 0/0 8:58 0:00 0:00
David Backes 3 1 4 3 0 5 2 2 0 0 0/2 21:30 2:22 0:00
Eric Staal 1 2 3 3 5 4 1 2 0 0 21/29 20:17 2:22 0:37
Erik Johnson 0 3 3 3 0 4 3 0 0 0 0/0 20:03 2:12 0:00
Filip Kuba 0 2 2 4 0 2 2 1 1 1 0/0 22:30 1:46 0:37
Jordin Tootoo 0 2 2 2 5 1 1 1 0 0 1/2 15:38 0:00 0:00
Keith Ballard 0 0 0 2 0 0 1 0 0 1 0/0 13:48 0:00 0:00
Marcel Goc 0 0 0 2 2 1 3 0 1 0 5/10 15:41 0:00 0:00
Mark Bell 2 0 2 2 0 3 2 0 0 0 0/1 16:59 1:36 0:00
Mike Leclerc 0 0 0 1 0 0 1 0 0 0 0/0 9:19 0:00 0:37
Mikhail Grabovski 0 1 1 2 0 4 1 0 1 0 2/11 13:37 0:00 0:00
Milan Hejduk 2 0 2 2 0 3 0 0 0 0 0/1 13:29 1:36 0:00
Patrik Berglund 1 0 1 1 0 1 2 0 1 0 0/0 10:10 1:36 0:00
Ron Hainsey 0 0 0 2 0 0 0 1 1 0 0/0 15:52 1:46 0:00
Steve Eminger 0 1 1 2 5 3 1 1 0 1 0/0 22:43 0:00 0:37
Steve Regier 0 1 1 2 0 1 1 2 0 1 0/0 11:53 0:00 0:00
Tomas Kaberle 0 0 0 3 0 0 0 3 0 0 0/0 25:03 2:12 0:00
Players Stats for Kings
Player Name G A P +/- PIM S H SB GA TA FO MP PP MP PK MP
------------------------------------------------------------------------------------
Andy Rogers 0 0 0 -4 0 1 3 0 0 1 0/0 16:41 0:00 1:35
Anze Kopitar 0 0 0 -3 0 3 0 0 2 1 7/13 19:15 0:20 0:59
Branko Radivojevic 0 1 1 -2 0 2 2 0 0 0 0/0 10:28 0:00 1:55
Chris Pronger 0 0 0 -1 2 1 1 0 0 1 0/0 19:24 0:00 0:47
James Neal 1 0 1 -3 0 4 2 0 1 0 1/2 17:49 0:17 0:59
Joe Sakic 0 0 0 -2 0 1 5 1 0 0 6/16 16:03 0:00 0:00
Jonas Hoglund 0 1 1 -2 0 0 2 0 0 1 0/1 15:01 0:17 0:00
Jordan Eberle 0 0 0 -1 0 1 0 0 0 0 0/1 14:54 0:20 0:00
Marc-Édouard Vlasic 0 0 0 -4 0 2 1 0 0 0 0/0 20:22 0:00 2:15
Maxim Talbot 0 1 1 -1 5 0 0 0 0 0 10/17 13:09 0:17 0:00
Michel Ouellet 0 0 0 -2 0 3 2 0 0 0 0/0 15:45 0:00 0:00
Mike Green 0 0 0 -3 5 4 0 1 1 0 0/0 21:19 0:37 0:10
Mikkel Boedker 0 0 0 -1 0 3 0 3 0 0 0/1 14:54 0:20 0:00
Nathan Dempsey 0 0 0 0 7 0 4 0 0 2 0/0 18:02 0:00 1:07
Pernell Karl Subban 0 0 0 -5 0 1 2 0 1 0 0/0 26:17 0:37 2:02
Randy Robitaille 1 0 1 -2 0 1 0 0 0 0 2/3 9:17 0:00 1:04
Sean Avery 0 0 0 -2 0 0 1 0 0 1 1/1 16:49 0:00 1:04
Steve Ott 0 1 1 -2 0 0 1 0 0 0 1/2 10:28 0:00 1:55
3 Stars
1 - David Backes (Cal)
2 - Mark Bell (Cal)
3 - Erik Johnson (Cal)
Power Play
Flames - 0 on 2 Attempt(s) - 0,00%
Kings - 1 on 1 Attempt(s) - 100,00%
Penalty Kill
Flames - 0 on 1 Attempt(s) - 0,00%
- Score 0 goal in Penalty Kill
Kings - 2 on 2 Attempt(s) - 100,00%
- Score 0 goal in Penalty Kill
Team Stat
Flames - Hits : 23 - Faceoff Wins : 29 - Blocked Shots : 13 - Penalty Minutes : 17
Kings - Hits : 26 - Faceoff Wins : 28 - Blocked Shots : 5 - Penalty Minutes : 19
Official
Referees : L'Ecuyer Frederick and Meier Brad
Linesman : Scott Driscoll and Brad Lazarowich
Game Notes
Antti Niemi enters game at 18:38 of 1st period
Mike Green beats up Steve Eminger at 18:50 of 1st period
Nathan Dempsey and Jordin Tootoo fight to a draw at 1:15 of 2nd period
Maxim Talbot and Eric Staal fight to a draw at 4:08 of 2nd period
8:50 of 3rd period - Kings goal is going for a video replay. After video review, No Goal. The attacking player has interfered with a goalkeeper in his goal crease.
David Backes has scored a Hat Trick!
Finance
Level 1 -- Attendance: 5617 (93,62%) -- Ticket Income 365 105 $
Level 2 -- Attendance: 4737 (94,74%) -- Ticket Income 189 480 $
Level 3 -- Attendance: 2000 (100,00%) -- Ticket Income 40 000 $
Level 4 -- Attendance: 4000 (100,00%) -- Ticket Income 60 000 $
Luxury Box -- Attendance: 1000 (100,00%) -- Ticket Income 125 000 $
Game was played at the Staples Center'
Total Attendance: 17354 (96,41%)
Total Ticket Income: 779 585 $
Other Income: 116 938 $
Total Income: 896 523 $
Flames
5 vs 5 Forward
Center Left Wing Right Wing Time % Phy DF OF
1 Eric Staal Alexander Semin David Backes 40 1 2 2
2 Marcel Goc Mark Bell Jordin Tootoo 30 1 2 2
3 Mikhail Grabovski Steve Regier Milan Hejduk 20 1 2 2
4 Patrik Berglund Mike Leclerc Craig Adams 10 1 2 2
5 vs 5 Defense
Defense Defense Time % Phy DF OF
1 Tomas Kaberle Steve Eminger 40 1 2 2
2 Filip Kuba Erik Johnson 30 1 2 2
3 Keith Ballard Ron Hainsey 20 1 2 2
4 Filip Kuba Steve Eminger 10 1 2 2
PowerPlay Forward
Center Left Wing Right Wing Time % Phy DF OF
1 Eric Staal Alexander Semin David Backes 60 1 2 2
2 Patrik Berglund Mark Bell Milan Hejduk 40 1 2 2
PowerPlay Defense
Defense Defense Time % Phy DF OF
1 Tomas Kaberle Erik Johnson 60 1 2 2
2 Filip Kuba Ron Hainsey 40 1 2 2
Penalty Kill 4 Players Forward
Center Wing Time % Phy DF OF
1 Eric Staal Mike Leclerc 60 1 3 1
2 Mikhail Grabovski Craig Adams 40 1 3 1
Penalty Kill 4 Players Defense
Defense Defense Time % Phy DF OF
1 Filip Kuba Steve Eminger 60 1 3 1
2 Tomas Kaberle Erik Johnson 40 1 3 1
Penalty Kill - 3 Players Forward
Forward Time % Phy DF OF
1 Mike Leclerc 60 1 4 0
2 Craig Adams 40 1 4 0
Penalty Kill - 3 Players Defense
Defense Defense Time % Phy DF OF
1 Filip Kuba Steve Eminger 60 1 4 0
2 Tomas Kaberle Erik Johnson 40 1 4 0
4 vs 4 Forward
Center Wing Time % Phy DF OF
1 Eric Staal Alexander Semin 60 1 2 2
2 Patrik Berglund David Backes 40 1 2 2
4 vs 4 Defense
Defense Defense Time % Phy DF OF
1 Filip Kuba Steve Eminger 60 1 2 2
2 Tomas Kaberle Erik Johnson 40 1 2 2
Last Minutes Offensive
Center Left Wing Right Wing Defense Defense
Eric Staal Alexander Semin David Backes Tomas Kaberle Steve Eminger
Last Minutes Defensive
Center Left Wing Right Wing Defense Defense
Eric Staal Alexander Semin David Backes Filip Kuba Steve Eminger
Goaltenders
Starting : Pekka Rinne
Backup : Craig Anderson
Extra Forwards
Normal : Alexander Semin, Jordin Tootoo, Mikhail Grabovski - PP : Mark Bell, Milan Hejduk - PK : David Backes
Extra Defensemen
Normal : Erik Johnson, Tomas Kaberle, Keith Ballard - PP : Tomas Kaberle - PK : Erik Johnson, Filip Kuba
Penalty Shots
Alexander Semin, Eric Staal, David Backes, Milan Hejduk, Mark Bell
Kings
5 vs 5 Forward
Center Left Wing Right Wing Time % Phy DF OF
1 Joe Sakic Sean Avery Michel Ouellet 35 5 0 0
2 Anze Kopitar James Neal Jonas Hoglund 30 1 2 2
3 Maxim Talbot Mikkel Boedker Jordan Eberle 30 0 3 2
4 Randy Robitaille Steve Ott Branko Radivojevic 5 5 0 0
5 vs 5 Defense
Defense Defense Time % Phy DF OF
1 Chris Pronger Nathan Dempsey 35 5 0 0
2 Pernell Karl Subban Mike Green 35 1 2 2
3 Marc-Édouard Vlasic Andy Rogers 25 0 3 2
4 Pernell Karl Subban Mike Green 5 0 3 2
PowerPlay Forward
Center Left Wing Right Wing Time % Phy DF OF
1 Anze Kopitar Mikkel Boedker Jordan Eberle 60 0 1 4
2 Maxim Talbot James Neal Jonas Hoglund 40 0 1 4
PowerPlay Defense
Defense Defense Time % Phy DF OF
1 Pernell Karl Subban Mike Green 60 0 2 3
2 Andy Rogers Marc-Édouard Vlasic 40 0 2 3
Penalty Kill 4 Players Forward
Center Wing Time % Phy DF OF
1 Steve Ott Branko Radivojevic 60 5 0 0
2 Randy Robitaille Sean Avery 40 5 0 0
Penalty Kill 4 Players Defense
Defense Defense Time % Phy DF OF
1 Chris Pronger Nathan Dempsey 60 5 0 0
2 Chris Pronger Nathan Dempsey 40 5 0 0
Penalty Kill - 3 Players Forward
Forward Time % Phy DF OF
1 Branko Radivojevic 60 5 0 0
2 Sean Avery 40 5 0 0
Penalty Kill - 3 Players Defense
Defense Defense Time % Phy DF OF
1 Nathan Dempsey Chris Pronger 60 5 0 0
2 Nathan Dempsey Chris Pronger 40 5 0 0
4 vs 4 Forward
Center Wing Time % Phy DF OF
1 Anze Kopitar Mikkel Boedker 60 1 2 2
2 Joe Sakic James Neal 40 1 2 2
4 vs 4 Defense
Defense Defense Time % Phy DF OF
1 Andy Rogers Mike Green 60 1 2 2
2 Pernell Karl Subban Marc-Édouard Vlasic 40 1 2 2
Last Minutes Offensive
Center Left Wing Right Wing Defense Defense
Anze Kopitar Mikkel Boedker Jordan Eberle Marc-Édouard Vlasic Mike Green
Last Minutes Defensive
Center Left Wing Right Wing Defense Defense
Maxim Talbot Steve Ott Jonas Hoglund Andy Rogers Mike Green
Goaltenders
Starting : Richard Bachman
Backup : Antti Niemi
Extra Forwards
Normal : Anze Kopitar, Mikkel Boedker, Jordan Eberle - PP : Joe Sakic, Michel Ouellet - PK : Anze Kopitar
Extra Defensemen
Normal : Mike Green, Marc-Édouard Vlasic, Pernell Karl Subban - PP : Nathan Dempsey - PK : Marc-Édouard Vlasic, Pernell Karl Subban
Penalty Shots
Anze Kopitar, Mike Green, Mikkel Boedker, James Neal, Branko Radivojevic
% Time on Ice - Flames
Lines # - Real PCT - Wanted PCT - Time Play
Normal Forward
1 - 35% - 40% - 19:08
2 - 28% - 30% - 15:42
3 - 21% - 20% - 11:53
4 - 16% - 10% - 8:42
Normal Defense
1 - 40% - 40% - 22:09
2 - 31% - 30% - 17:14
3 - 22% - 20% - 12:27
4 - 6% - 10% - 3:35
PP Forward
1 - 60% - 60% - 2:22
2 - 40% - 40% - 1:36
PP Defense
1 - 55% - 60% - 2:12
2 - 45% - 40% - 1:46
PK Forward
1 - 100% - 60% - 0:37
2 - 0% - 40% - 0:00
PK Defense
1 - 100% - 60% - 0:37
2 - 0% - 40% - 0:00
PK3 Forward
1 - 0% - 60%
2 - 0% - 40%
PK3 Defense
1 - 0% - 60%
2 - 0% - 40%
44 Forward
1 - 0% - 60%
2 - 0% - 40%
44 Defense
1 - 0% - 60%
2 - 0% - 40%
Last Minute Offensive - 0:00
Last Minute Defensive - 0:00
Total
Forward - 60:00
Defense - 60:00
|
% Time on Ice - Kings
Lines # - Real PCT - Wanted PCT - Time Play
Normal Forward
1 - 32% - 35% - 17:54
2 - 27% - 30% - 14:44
3 - 26% - 30% - 14:34
4 - 15% - 5% - 8:13
Normal Defense
1 - 35% - 35% - 19:27
2 - 36% - 35% - 19:43
3 - 26% - 25% - 14:12
4 - 4% - 5% - 2:03
PP Forward
1 - 54% - 60% - 0:20
2 - 46% - 40% - 0:17
PP Defense
1 - 100% - 60% - 0:37
2 - 0% - 40% - 0:00
PK Forward
1 - 73% - 60% - 2:54
2 - 27% - 40% - 1:04
PK Defense
1 - 100% - 60% - 3:58
2 - 0% - 40% - 0:00
PK3 Forward
1 - 0% - 60%
2 - 0% - 40%
PK3 Defense
1 - 0% - 60%
2 - 0% - 40%
44 Forward
1 - 0% - 60%
2 - 0% - 40%
44 Defense
1 - 0% - 60%
2 - 0% - 40%
Last Minute Offensive - 0:00
Last Minute Defensive - 0:00
Total
Forward - 60:00
Defense - 60:00
|
Play by Play
1st period
0:01 of 1st period - Eric Staal wins face-off versus Joe Sakic in neutral zone.
0:25 of 1st period - Mark Bell is hit by Chris Pronger and loses puck.
2:10 of 1st period - Icing by Anze Kopitar.
2:11 of 1st period - James Neal wins face-off versus Mikhail Grabovski in Kings zone.
2:16 of 1st period - Snap shot by Mikkel Boedker.
2:16 of 1st period - Stopped by Pekka Rinne with a rebound.
2:41 of 1st period - Wrist shot by Michel Ouellet.
2:41 of 1st period - Shot Misses the Net.
2:59 of 1st period - Wrist shot by Jordin Tootoo.
2:59 of 1st period - Shot Misses the Net.
3:17 of 1st period - Steve Ott is hit by Filip Kuba and loses puck.
4:12 of 1st period - Wrist shot by Alexander Semin.
4:12 of 1st period - Stopped by Richard Bachman with a rebound.
4:28 of 1st period - Wrist shot by James Neal.
4:28 of 1st period - Stopped by Pekka Rinne with a rebound.
4:30 of 1st period - Slapshot by Nathan Dempsey.
4:30 of 1st period - Shot Misses the Net.
4:32 of 1st period - Wrist shot by Nathan Dempsey.
4:32 of 1st period - Shot Misses the Net.
4:42 of 1st period - Maxim Talbot is hit by Patrik Berglund and loses puck.
4:49 of 1st period - Ron Hainsey is hit by Pernell Karl Subban and loses puck.
5:46 of 1st period - Backhand shot by Branko Radivojevic.
5:46 of 1st period - Stopped by Pekka Rinne without a rebound.
5:47 of 1st period - Eric Staal wins face-off versus Joe Sakic in Flames zone.
6:12 of 1st period - Steve Eminger is hit by Nathan Dempsey and loses puck.
6:29 of 1st period - Mark Bell is hit by Jonas Hoglund and loses puck.
7:31 of 1st period - Anze Kopitar is hit by Mark Bell and loses puck.
7:57 of 1st period - Backhand shot by Michel Ouellet.
7:57 of 1st period - Stopped by Pekka Rinne with a rebound.
8:13 of 1st period - Maxim Talbot is hit by Filip Kuba and loses puck.
8:43 of 1st period - Wrist shot by James Neal.
8:43 of 1st period - Shot Misses the Net.
8:47 of 1st period - Snap shot by Anze Kopitar.
8:47 of 1st period - Shot Blocked by Steve Regier.
9:36 of 1st period - Snap shot by Jordin Tootoo.
9:36 of 1st period - Stopped by Richard Bachman without a rebound.
9:37 of 1st period - Eric Staal wins face-off versus Joe Sakic in Kings zone.
9:42 of 1st period - Snap shot by Alexander Semin.
9:42 of 1st period - Stopped by Richard Bachman without a rebound.
9:43 of 1st period - Eric Staal wins face-off versus Joe Sakic in Kings zone.
9:44 of 1st period - Snap shot by David Backes.
9:44 of 1st period - Stopped by Richard Bachman with a rebound.
9:46 of 1st period - Wrist shot by Alexander Semin.
9:46 of 1st period - Stopped by Richard Bachman with a rebound.
9:48 of 1st period - Snap shot by Alexander Semin.
9:48 of 1st period - Shot Misses the Net.
9:50 of 1st period - Snap shot by Eric Staal.
9:50 of 1st period - Goal by Eric Staal - Flames : 1 - Kings : 0.
9:51 of 1st period - Eric Staal wins face-off versus Anze Kopitar in neutral zone.
10:02 of 1st period - Slapshot by James Neal.
10:02 of 1st period - Shot Misses the Net.
10:04 of 1st period - Snap shot by Jonas Hoglund.
10:04 of 1st period - Shot Blocked by Tomas Kaberle.
10:43 of 1st period - Milan Hejduk is hit by Michel Ouellet.
11:30 of 1st period - Randy Robitaille is hit by Keith Ballard and loses puck.
11:51 of 1st period - Slapshot by Mark Bell.
11:51 of 1st period - Shot Misses the Net.
12:07 of 1st period - Snap shot by Eric Staal.
12:07 of 1st period - Stopped by Richard Bachman with a rebound.
12:33 of 1st period - Steve Eminger is hit by Joe Sakic and loses puck.
13:14 of 1st period - Snap shot by Mikkel Boedker.
13:14 of 1st period - Deflect By Eric Staal.
13:14 of 1st period - Shot Blocked by David Backes.
13:14 of 1st period - Puck is out of play.
13:15 of 1st period - Maxim Talbot wins face-off versus Mikhail Grabovski in Flames zone.
13:24 of 1st period - Wrist shot by Mikhail Grabovski.
13:24 of 1st period - Stopped by Richard Bachman with a rebound.
13:26 of 1st period - Snap shot by Filip Kuba.
13:26 of 1st period - Shot Misses the Net.
13:49 of 1st period - Backhand shot by Mark Bell.
13:49 of 1st period - Shot Hit the Post.
13:51 of 1st period - Snap shot by Filip Kuba.
13:51 of 1st period - Shot Misses the Net.
13:53 of 1st period - Slapshot by Erik Johnson.
13:53 of 1st period - Stopped by Richard Bachman with a rebound.
14:13 of 1st period - Wrist shot by Anze Kopitar.
14:13 of 1st period - Stopped by Pekka Rinne with a rebound.
14:37 of 1st period - Craig Adams is hit by Joe Sakic and loses puck.
14:48 of 1st period - Mike Green is hit by Steve Regier and loses puck.
14:53 of 1st period - Snap shot by Milan Hejduk.
14:53 of 1st period - Goal by Milan Hejduk - Flames : 2 - Kings : 0.
14:54 of 1st period - Eric Staal wins face-off versus Joe Sakic in neutral zone.
15:02 of 1st period - Slapshot by Mike Green.
15:02 of 1st period - Shot Blocked by David Backes.
15:04 of 1st period - Wrist shot by Sean Avery.
15:04 of 1st period - Shot Misses the Net.
15:06 of 1st period - Slapshot by Mike Green.
15:06 of 1st period - Shot Blocked by Eric Staal.
15:41 of 1st period - Off-side.
15:42 of 1st period - Maxim Talbot wins face-off versus Mikhail Grabovski in neutral zone.
16:47 of 1st period - Steve Eminger is hit by Andy Rogers and loses puck.
17:36 of 1st period - Snap shot by Michel Ouellet.
17:36 of 1st period - Stopped by Pekka Rinne with a rebound.
17:48 of 1st period - Snap shot by Marcel Goc.
17:48 of 1st period - Deflect By Mark Bell.
17:48 of 1st period - Shot Misses the Net.
17:48 of 1st period - Puck is out of play.
17:49 of 1st period - Marcel Goc wins face-off versus Anze Kopitar in Kings zone.
18:00 of 1st period - Wrist shot by Jordin Tootoo.
18:00 of 1st period - Shot Misses the Net.
18:02 of 1st period - Snap shot by Erik Johnson.
18:02 of 1st period - Shot Blocked by Mike Green.
18:04 of 1st period - Snap shot by Mark Bell.
18:04 of 1st period - Goal by Mark Bell - Flames : 3 - Kings : 0.
18:05 of 1st period - Eric Staal wins face-off versus Joe Sakic in neutral zone.
18:10 of 1st period - Filip Kuba is hit by Joe Sakic and loses puck.
18:31 of 1st period - Jordan Eberle is hit by Steve Eminger and loses puck.
18:38 of 1st period - Wrist shot by Mark Bell.
18:38 of 1st period - Goal by Mark Bell - Flames : 4 - Kings : 0.
18:38 of 1st period - Antti Niemi enters game.
18:39 of 1st period - Eric Staal wins face-off versus Anze Kopitar in neutral zone.
18:50 of 1st period - Mike Green beats up Steve Eminger.
18:50 of 1st period - Penalty to Mike Green for Fighting.
18:50 of 1st period - Penalty to Steve Eminger for Fighting.
18:51 of 1st period - Eric Staal wins face-off versus Joe Sakic in Flames zone.
19:16 of 1st period - James Neal is hit by Erik Johnson and loses puck.
19:35 of 1st period - Slapshot by Tomas Kaberle.
19:35 of 1st period - Shot Blocked by Mikkel Boedker.
19:37 of 1st period - Snap shot by Steve Regier.
19:37 of 1st period - Stopped by Antti Niemi without a rebound.
19:38 of 1st period - Maxim Talbot wins face-off versus Mikhail Grabovski in Kings zone.
19:49 of 1st period - Snap shot by Mikkel Boedker.
19:49 of 1st period - Shot Blocked by Steve Regier.
Goals for this period are 4 for Flames vs 0 for Kings.
Shots for this period are 13 for Flames vs 6 for Kings.
2nd period
0:01 of 2nd period - Joe Sakic wins face-off versus Eric Staal in neutral zone.
0:06 of 2nd period - Slapshot by Marc-Édouard Vlasic.
0:06 of 2nd period - Stopped by Pekka Rinne without a rebound.
0:07 of 2nd period - Eric Staal wins face-off versus Joe Sakic in Flames zone.
0:16 of 2nd period - Backhand shot by Eric Staal.
0:16 of 2nd period - Shot Hit the Post.
0:18 of 2nd period - Wrist shot by Filip Kuba.
0:18 of 2nd period - Deflect By Eric Staal.
0:18 of 2nd period - Stopped by Antti Niemi with a rebound.
0:20 of 2nd period - Snap shot by Eric Staal.
0:20 of 2nd period - Deflect By Pernell Karl Subban.
0:20 of 2nd period - Shot Blocked by Joe Sakic.
0:20 of 2nd period - Puck is out of play.
0:21 of 2nd period - Anze Kopitar wins face-off versus Eric Staal in Kings zone.
0:33 of 2nd period - Wrist shot by Chris Pronger.
0:33 of 2nd period - Stopped by Pekka Rinne with a rebound.
0:47 of 2nd period - Tomas Kaberle is hit by Nathan Dempsey.
0:51 of 2nd period - Wrist shot by Joe Sakic.
0:51 of 2nd period - Stopped by Pekka Rinne without a rebound.
0:52 of 2nd period - Marcel Goc wins face-off versus Joe Sakic in Flames zone.
1:01 of 2nd period - Wrist shot by Michel Ouellet.
1:01 of 2nd period - Shot Blocked by Jordin Tootoo.
1:09 of 2nd period - Joe Sakic is hit by Jordin Tootoo and loses puck.
1:15 of 2nd period - Nathan Dempsey and Jordin Tootoo fight to a draw.
1:15 of 2nd period - Penalty to Nathan Dempsey for Fighting.
1:15 of 2nd period - Penalty to Jordin Tootoo for Fighting.
1:16 of 2nd period - Eric Staal wins face-off versus Maxim Talbot in neutral zone.
1:28 of 2nd period - Snap shot by Eric Staal.
1:28 of 2nd period - Shot Blocked by Mikkel Boedker.
1:30 of 2nd period - Slapshot by Erik Johnson.
1:30 of 2nd period - Shot Blocked by Mikkel Boedker.
1:32 of 2nd period - Wrist shot by David Backes.
1:32 of 2nd period - Shot Misses the Net.
2:01 of 2nd period - Craig Adams is hit by Pernell Karl Subban and loses puck.
2:29 of 2nd period - Icing by Marc-Édouard Vlasic.
2:30 of 2nd period - Eric Staal wins face-off versus Randy Robitaille in Kings zone.
2:37 of 2nd period - Wrist shot by Alexander Semin.
2:37 of 2nd period - Stopped by Antti Niemi with a rebound.
2:39 of 2nd period - Slapshot by Erik Johnson.
2:39 of 2nd period - Stopped by Antti Niemi with a rebound.
2:41 of 2nd period - Slapshot by Erik Johnson.
2:41 of 2nd period - Deflect By Andy Rogers.
2:41 of 2nd period - Stopped by Antti Niemi with a rebound.
2:43 of 2nd period - Snap shot by David Backes.
2:43 of 2nd period - Goal by David Backes - Flames : 5 - Kings : 0.
2:44 of 2nd period - Eric Staal wins face-off versus Maxim Talbot in neutral zone.
3:09 of 2nd period - Mark Bell is hit by James Neal and loses puck.
3:36 of 2nd period - Slapshot by Filip Kuba.
3:36 of 2nd period - Shot Misses the Net.
3:38 of 2nd period - Slapshot by Erik Johnson.
3:38 of 2nd period - Stopped by Antti Niemi with a rebound.
3:40 of 2nd period - Wrist shot by Patrik Berglund.
3:40 of 2nd period - Goal by Patrik Berglund - Flames : 6 - Kings : 0.
3:41 of 2nd period - Maxim Talbot wins face-off versus Eric Staal in neutral zone.
3:46 of 2nd period - Wrist shot by Jordan Eberle.
3:46 of 2nd period - Stopped by Pekka Rinne with a rebound.
3:54 of 2nd period - Wrist shot by Eric Staal.
3:54 of 2nd period - Stopped by Antti Niemi without a rebound.
3:55 of 2nd period - Anze Kopitar wins face-off versus Eric Staal in Kings zone.
4:06 of 2nd period - Snap shot by Anze Kopitar.
4:06 of 2nd period - Stopped by Pekka Rinne without a rebound.
4:07 of 2nd period - Maxim Talbot wins face-off versus Eric Staal in Flames zone.
4:08 of 2nd period - Slapshot by Mikkel Boedker.
4:08 of 2nd period - Stopped by Pekka Rinne without a rebound.
4:08 of 2nd period - Maxim Talbot and Eric Staal fight to a draw.
4:08 of 2nd period - Penalty to Maxim Talbot for Fighting.
4:08 of 2nd period - Penalty to Eric Staal for Fighting.
4:09 of 2nd period - Joe Sakic wins face-off versus Mikhail Grabovski in Flames zone.
4:19 of 2nd period - Off-side.
4:20 of 2nd period - Mikhail Grabovski wins face-off versus Anze Kopitar in neutral zone.
4:31 of 2nd period - Slapshot by Anze Kopitar.
4:31 of 2nd period - Shot Misses the Net.
4:33 of 2nd period - Slapshot by Mike Green.
4:33 of 2nd period - Deflect By Anze Kopitar.
4:33 of 2nd period - Shot Misses the Net.
4:33 of 2nd period - Puck is out of play.
4:34 of 2nd period - Marcel Goc wins face-off versus James Neal in Flames zone.
6:23 of 2nd period - Off-side.
6:24 of 2nd period - Anze Kopitar wins face-off versus Jordin Tootoo in neutral zone.
6:49 of 2nd period - Joe Sakic is hit by Alexander Semin and loses puck.
7:27 of 2nd period - Wrist shot by Alexander Semin.
7:27 of 2nd period - Stopped by Antti Niemi with a rebound.
7:29 of 2nd period - Wrist shot by David Backes.
7:29 of 2nd period - Stopped by Antti Niemi with a rebound.
7:31 of 2nd period - Snap shot by Alexander Semin.
7:31 of 2nd period - Stopped by Antti Niemi without a rebound.
7:32 of 2nd period - Joe Sakic wins face-off versus Mikhail Grabovski in Kings zone.
7:32 of 2nd period - Joe Sakic is hit by Mikhail Grabovski.
7:43 of 2nd period - Wrist shot by Michel Ouellet.
7:43 of 2nd period - Stopped by Pekka Rinne without a rebound.
7:44 of 2nd period - Mikhail Grabovski wins face-off versus Joe Sakic in Flames zone.
7:49 of 2nd period - Tomas Kaberle is hit by Nathan Dempsey and loses puck.
7:58 of 2nd period - Icing by Milan Hejduk.
7:59 of 2nd period - Anze Kopitar wins face-off versus Mikhail Grabovski in Flames zone.
8:30 of 2nd period - Slapshot by Mikhail Grabovski.
8:30 of 2nd period - Shot Misses the Net.
8:32 of 2nd period - Snap shot by Steve Eminger.
8:32 of 2nd period - Stopped by Antti Niemi with a rebound.
8:50 of 2nd period - Backhand shot by Mikhail Grabovski.
8:50 of 2nd period - Stopped by Antti Niemi with a rebound.
8:52 of 2nd period - Slapshot by Tomas Kaberle.
8:52 of 2nd period - Shot Misses the Net.
8:58 of 2nd period - Wrist shot by Milan Hejduk.
8:58 of 2nd period - Stopped by Antti Niemi without a rebound.
8:59 of 2nd period - Joe Sakic wins face-off versus Marcel Goc in Kings zone.
8:59 of 2nd period - Joe Sakic is hit by Marcel Goc.
9:04 of 2nd period - Chris Pronger is hit by Mark Bell.
9:11 of 2nd period - Minor Penalty to Chris Pronger for Holding.
9:12 of 2nd period - Steve Ott wins face-off versus Alexander Semin in Kings zone.
9:23 of 2nd period - Alexander Semin is hit by Branko Radivojevic and loses puck.
10:47 of 2nd period - David Backes is hit by Sean Avery and loses puck.
10:56 of 2nd period - Andy Rogers is hit by David Backes and loses puck.
11:11 of 2nd period - Penalty to Chris Pronger is over, Chris Pronger is back on ice.
11:26 of 2nd period - Snap shot by Anze Kopitar.
11:26 of 2nd period - Shot Blocked by Eric Staal.
11:55 of 2nd period - Snap shot by Anze Kopitar.
11:55 of 2nd period - Shot Blocked by Ron Hainsey.
11:57 of 2nd period - Slapshot by Chris Pronger.
11:57 of 2nd period - Shot Misses the Net.
11:59 of 2nd period - Wrist shot by James Neal.
11:59 of 2nd period - Shot Misses the Net.
12:23 of 2nd period - Snap shot by Eric Staal.
12:23 of 2nd period - Shot Misses the Net.
12:59 of 2nd period - Snap shot by David Backes.
12:59 of 2nd period - Goal by David Backes - Flames : 7 - Kings : 0.
13:00 of 2nd period - Maxim Talbot wins face-off versus Marcel Goc in neutral zone.
13:03 of 2nd period - Snap shot by Marc-Édouard Vlasic.
13:03 of 2nd period - Stopped by Pekka Rinne with a rebound.
13:08 of 2nd period - Off-side.
13:09 of 2nd period - Jordin Tootoo wins face-off versus Mikkel Boedker in neutral zone.
13:41 of 2nd period - Icing by Tomas Kaberle.
13:42 of 2nd period - Sean Avery wins face-off versus Mark Bell in Flames zone.
13:43 of 2nd period - Slapshot by Michel Ouellet.
13:43 of 2nd period - Shot Blocked by Tomas Kaberle.
13:51 of 2nd period - Marcel Goc is hit by Michel Ouellet and loses puck.
14:11 of 2nd period - Icing by Steve Ott.
14:12 of 2nd period - Randy Robitaille wins face-off versus Mikhail Grabovski in Kings zone.
14:34 of 2nd period - Steve Ott is hit by Erik Johnson and loses puck.
15:50 of 2nd period - Wrist shot by James Neal.
15:50 of 2nd period - Stopped by Pekka Rinne with a rebound.
16:59 of 2nd period - James Neal is hit by Patrik Berglund and loses puck.
17:28 of 2nd period - Pernell Karl Subban is hit by Mike Leclerc.
18:10 of 2nd period - Branko Radivojevic is hit by Erik Johnson and loses puck.
18:17 of 2nd period - Erik Johnson is hit by Steve Ott and loses puck.
18:36 of 2nd period - Tomas Kaberle is hit by Marc-Édouard Vlasic and loses puck.
19:09 of 2nd period - Minor Penalty to Marcel Goc for Holding.
19:10 of 2nd period - Eric Staal wins face-off versus Jordan Eberle in Flames zone.
19:17 of 2nd period - Snap shot by Eric Staal.
19:17 of 2nd period - Shot Misses the Net.
19:19 of 2nd period - Slapshot by Steve Eminger.
19:19 of 2nd period - Stopped by Antti Niemi with a rebound.
19:32 of 2nd period - Icing by Anze Kopitar.
19:33 of 2nd period - Eric Staal wins face-off versus Maxim Talbot in Kings zone.
19:46 of 2nd period - Slapshot by James Neal.
19:46 of 2nd period - Goal by James Neal - Flames : 7 - Kings : 1.
19:47 of 2nd period - Eric Staal wins face-off versus Jonas Hoglund in neutral zone.
19:54 of 2nd period - Filip Kuba is hit by James Neal and loses puck.
Goals for this period are 3 for Flames vs 1 for Kings.
Shots for this period are 16 for Flames vs 10 for Kings.
3rd period
0:01 of 3rd period - Eric Staal wins face-off versus Anze Kopitar in neutral zone.
0:42 of 3rd period - Icing by Keith Ballard.
0:43 of 3rd period - Joe Sakic wins face-off versus Milan Hejduk in Flames zone.
1:34 of 3rd period - Slapshot by Filip Kuba.
1:34 of 3rd period - Stopped by Antti Niemi with a rebound.
1:46 of 3rd period - Minor Penalty to Nathan Dempsey for Holding.
1:47 of 3rd period - Eric Staal wins face-off versus Steve Ott in Kings zone.
2:56 of 3rd period - Andy Rogers is hit by Alexander Semin.
3:46 of 3rd period - Penalty to Nathan Dempsey is over, Nathan Dempsey is back on ice.
3:58 of 3rd period - Marc-Édouard Vlasic is hit by Marcel Goc and loses puck.
5:39 of 3rd period - Wrist shot by Pernell Karl Subban.
5:39 of 3rd period - Shot Misses the Net.
6:52 of 3rd period - Jordin Tootoo is hit by Joe Sakic and loses puck.
6:59 of 3rd period - Marc-Édouard Vlasic is hit by Marcel Goc.
7:02 of 3rd period - Icing by Michel Ouellet.
7:03 of 3rd period - Joe Sakic wins face-off versus Mikhail Grabovski in Kings zone.
7:29 of 3rd period - Sean Avery is hit by Eric Staal and loses puck.
8:04 of 3rd period - Snap shot by Joe Sakic.
8:04 of 3rd period - Shot Misses the Net.
8:22 of 3rd period - Wrist shot by James Neal.
8:22 of 3rd period - Shot Misses the Net.
8:24 of 3rd period - Slapshot by Andy Rogers.
8:24 of 3rd period - Stopped by Pekka Rinne with a rebound.
8:26 of 3rd period - Slapshot by Anze Kopitar.
8:26 of 3rd period - Shot Misses the Net.
8:38 of 3rd period - Slapshot by Mike Green.
8:38 of 3rd period - Stopped by Pekka Rinne with a rebound.
8:40 of 3rd period - Wrist shot by Branko Radivojevic.
8:40 of 3rd period - Shot Blocked by Steve Eminger.
8:42 of 3rd period - Slapshot by Mike Green.
8:42 of 3rd period - Stopped by Pekka Rinne without a rebound.
8:43 of 3rd period - Randy Robitaille wins face-off versus Eric Staal in Flames zone.
8:48 of 3rd period - Snap shot by Steve Ott.
8:48 of 3rd period - Shot Misses the Net.
8:50 of 3rd period - Slapshot by Pernell Karl Subban.
8:50 of 3rd period - Kings goal is going for a video replay.
8:50 of 3rd period - The goal is refused. The attacking player has interfered with a goalkeeper in his goal crease..
8:51 of 3rd period - Anze Kopitar wins face-off versus Eric Staal in Flames zone.
8:56 of 3rd period - Snap shot by Anze Kopitar.
8:56 of 3rd period - Shot Misses the Net.
8:58 of 3rd period - Snap shot by Anze Kopitar.
8:58 of 3rd period - Shot Misses the Net.
9:26 of 3rd period - Wrist shot by Marcel Goc.
9:26 of 3rd period - Deflect By Mikkel Boedker.
9:26 of 3rd period - Shot Misses the Net.
9:26 of 3rd period - Puck is out of play.
9:27 of 3rd period - Anze Kopitar wins face-off versus Marcel Goc in Kings zone.
9:32 of 3rd period - Snap shot by Mark Bell.
9:32 of 3rd period - Stopped by Antti Niemi with a rebound.
10:16 of 3rd period - Wrist shot by Jonas Hoglund.
10:16 of 3rd period - Shot Misses the Net.
10:18 of 3rd period - Snap shot by Anze Kopitar.
10:18 of 3rd period - Stopped by Pekka Rinne with a rebound.
10:48 of 3rd period - Wrist shot by James Neal.
10:48 of 3rd period - Stopped by Pekka Rinne without a rebound.
10:49 of 3rd period - Eric Staal wins face-off versus Maxim Talbot in Flames zone.
11:29 of 3rd period - Eric Staal is hit by Branko Radivojevic and loses puck.
11:50 of 3rd period - Wrist shot by David Backes.
11:50 of 3rd period - Goal by David Backes - Flames : 8 - Kings : 1.
11:51 of 3rd period - Marcel Goc wins face-off versus Maxim Talbot in neutral zone.
13:06 of 3rd period - Snap shot by Mike Green.
13:06 of 3rd period - Stopped by Pekka Rinne with a rebound.
13:08 of 3rd period - Slapshot by Mike Green.
13:08 of 3rd period - Stopped by Pekka Rinne with a rebound.
13:15 of 3rd period - Icing by Jordin Tootoo.
13:16 of 3rd period - Maxim Talbot wins face-off versus Marcel Goc in Flames zone.
13:17 of 3rd period - Backhand shot by Mikkel Boedker.
13:17 of 3rd period - Stopped by Pekka Rinne without a rebound.
13:18 of 3rd period - Eric Staal wins face-off versus Maxim Talbot in Flames zone.
13:23 of 3rd period - Slapshot by Filip Kuba.
13:23 of 3rd period - Shot Hit the Post.
13:54 of 3rd period - Snap shot by Filip Kuba.
13:54 of 3rd period - Stopped by Antti Niemi without a rebound.
13:55 of 3rd period - Marcel Goc wins face-off versus Anze Kopitar in Kings zone.
14:03 of 3rd period - Icing by Jonas Hoglund.
14:04 of 3rd period - Anze Kopitar wins face-off versus Marcel Goc in Kings zone.
14:09 of 3rd period - Snap shot by Jordin Tootoo.
14:09 of 3rd period - Deflect By Marcel Goc.
14:09 of 3rd period - Stopped by Antti Niemi without a rebound.
14:10 of 3rd period - Maxim Talbot wins face-off versus Eric Staal in Kings zone.
14:10 of 3rd period - Maxim Talbot is hit by David Backes.
14:35 of 3rd period - Jordin Tootoo is hit by Jonas Hoglund and loses puck.
16:15 of 3rd period - Wrist shot by Mikhail Grabovski.
16:15 of 3rd period - Shot Misses the Net.
16:17 of 3rd period - Wrist shot by Tomas Kaberle.
16:17 of 3rd period - Shot Misses the Net.
16:19 of 3rd period - Slapshot by Steve Eminger.
16:19 of 3rd period - Stopped by Antti Niemi with a rebound.
16:21 of 3rd period - Wrist shot by Mikhail Grabovski.
16:21 of 3rd period - Stopped by Antti Niemi with a rebound.
17:18 of 3rd period - Slapshot by Mike Green.
17:18 of 3rd period - Deflect By James Neal.
17:18 of 3rd period - Shot Misses the Net.
17:18 of 3rd period - Puck is out of play.
17:19 of 3rd period - Maxim Talbot wins face-off versus David Backes in Flames zone.
17:20 of 3rd period - Slapshot by Mikkel Boedker.
17:20 of 3rd period - Shot Blocked by Filip Kuba.
17:49 of 3rd period - Erik Johnson is hit by Andy Rogers and loses puck.
18:15 of 3rd period - Steve Regier is hit by Andy Rogers and loses puck.
18:28 of 3rd period - Wrist shot by Branko Radivojevic.
18:28 of 3rd period - Stopped by Pekka Rinne with a rebound.
18:30 of 3rd period - Snap shot by Randy Robitaille.
18:30 of 3rd period - Goal by Randy Robitaille - Flames : 8 - Kings : 2.
18:31 of 3rd period - Maxim Talbot wins face-off versus David Backes in neutral zone.
18:40 of 3rd period - Slapshot by Maxim Talbot.
18:40 of 3rd period - Shot Blocked by Tomas Kaberle.
18:56 of 3rd period - Steve Eminger is hit by Nathan Dempsey and loses puck.
19:21 of 3rd period - Wrist shot by Mikhail Grabovski.
19:21 of 3rd period - Stopped by Antti Niemi with a rebound.
19:23 of 3rd period - Snap shot by Steve Eminger.
19:23 of 3rd period - Deflect By Milan Hejduk.
19:23 of 3rd period - Goal by Milan Hejduk - Flames : 9 - Kings : 2.
19:24 of 3rd period - Eric Staal wins face-off versus Maxim Talbot in neutral zone.
19:55 of 3rd period - Tomas Kaberle is hit by Joe Sakic and loses puck.
Goals for this period are 2 for Flames vs 1 for Kings.
Shots for this period are 9 for Flames vs 11 for Kings.
Output by the SimonT Hockey Simulator (STHS) for François Prévost -- Original Page W3C XHTML 1.0 Valid